 Dungeon Crawl Stone Soup version 0.27-a0-417-g317cea8a3c (webtiles) character file.

Game seed: 11537060401776357609

130 wampuh the Changer (level 5, -2/37 HPs)
             Began as a Human Transmuter on Feb 26, 2021.
             Slain by a hobgoblin
             ... wielding a +0 club
              (9 damage)
             ... on level 3 of the Dungeon.
             The game lasted 00:03:45 (4194 turns).

wampuh the Changer (Human Transmuter)               Turns: 4194, Time: 00:03:46

Health: -2/37      AC:  3    Str: 10    XL:     5   Next: 36%
Magic:  9/10       EV: 12    Int: 15    God:
Gold:   41         SH:  0    Dex: 13    Spells: 8/11 levels left

rFire    . . .     SeeInvis .   g - +0 dagger
rCold    . . .     Faith    .   (no shield)
rNeg     . . .     Spirit   .   a - +0 robe
rPois    .         Reflect  .   (helmet currently unavailable)
rElec    .         Harm     .   (no cloak)
rCorr    .         Rampage  .   h - +0 pair of gloves
Will     .....                  (boots currently unavailable)
Stlth    +.........             (no amulet)
HPRegen  0.12/turn              (no ring)
MPRegen  0.12/turn              (no ring)

@: appendages
A: horns 2, talons 2
a: End Transformation


You were on level 3 of the Dungeon.
You had grown temporary horns.
You had grown temporary talons.
You visited 1 branch of the dungeon, and saw 3 of its levels.

You collected 41 gold pieces.

Inventory:

Hand Weapons
 g - a +0 dagger (weapon)
Armour
 a - a +0 robe (worn)
 h - a +0 pair of gloves (worn)
Scrolls
 b - 5 scrolls of identify {unknown}
 c - a scroll of blinking {unknown}
 i - a scroll of enchant armour {unknown}
Potions
 d - a potion of berserk rage {unknown}
 e - a potion of heal wounds
 f - a potion of curing {unknown}


   Skills:
 - Level 1.0 Fighting
 - Level 2.0 Dodging
 - Level 3.0 Unarmed Combat
 + Level 3.6 Spellcasting
 + Level 3.8 Transmutations


You had 8 spell levels left.
You knew the following spells:

 Your Spells              Type           Power        Failure   Level
a - Beastly Appendage     Tmut           28%          3%          1
b - Wereblood             Tmut           14%          6%          2

Your spell library contained the following spells:

 Spells                   Type           Power        Failure   Level
 Spider Form              Tmut/Pois      4%           26%         3
 Ice Form                 Ice/Tmut       8%           63%         4
 Blade Hands              Tmut           7%           71%         5


Dungeon Overview and Level Annotations

Branches:
Dungeon (3/15)

Altars:
Ashenzari
Hepliaklqana
Sif Muna


Innate Abilities, Weirdness & Mutations

You have a pair of horns on your head.
You have razor-sharp toenails.


Message History

The goblin barely misses you.
You puncture the goblin!
You kill the goblin!
The goblin hits you.
You hit the goblin.
You kill the goblin!
You howl as the wereblood boils in your veins!
Your horns disappear.
Your talons disappear.
Robin misses you.
Items here: ( ) ††.
You hit Robin.
Robin is moderately wounded.
Robin hits you with a +0 whip.
* * * LOW HITPOINT WARNING * * *
You hit Robin.
Robin is heavily wounded.
You howl as the wereblood boils in your veins!
Your primal bloodlust is almost over.
Robin closely misses you.
You puncture Robin!
Robin is almost dead.
Robin hits you with a +0 whip.
* * * LOW HITPOINT WARNING * * *
You hit Robin.
You kill Robin!
Casting: Wereblood (safe; 6% risk of failure)
Confirm with . or Enter, or press ? or * to list all spells.
You grow a pair of large bovine horns.
Your feet morph into talons.
The orc barely misses you.
You closely miss the orc. You claw the orc.
The orc is heavily wounded.
The orc hits you.
* * * LOW HITPOINT WARNING * * *
You puncture the orc!
You kill the orc!
You barely miss the hobgoblin. You claw the hobgoblin.
The hobgoblin is almost dead.
Your primal bloodlust has ended.
The hobgoblin hits you with a +0 club!
You die...

#......#..............
##..####...#########..
#...# ###..# ##.
#.#.## ##..# ## #.#..#
#.# # #.##)# .# # #.
#†# .# ##### #. #)#
#.... .. #@# #.....
#g# ..#... #.# # #...
#.# #... ..# #... #..
#... #.# ##.# #..


You could see a hobgoblin (strong).

Vanquished Creatures
  Robin (D:3)
  2 adders (D:2)
  2 oozes (D:2)
  4 worms
  A dart slug (D:2)
  4 leopard geckos
  5 orcs (D:3)
  A giant cockroach (D:1)
  19 goblins
  4 hobgoblins
  2 jackals (D:3)
  8 bats
  5 frilled lizards
  5 kobolds
  5 rats
68 creatures vanquished.

Notes
Turn   | Place    | Note
-------+----------+-------------------------------------------
     0 | D:1      | wampuh the Human Transmuter began the quest for the Orb.
     0 | D:1      | Reached XP level 1. HP: 15/15 MP: 3/3
   213 | D:1      | Reached XP level 2. HP: 21/21 MP: 3/5
   679 | D:2      | Found a broken altar of Ashenzari.
   695 | D:2      | Reached XP level 3. HP: 12/26 MP: 6/6
  1784 | D:2      | Reached XP level 4. HP: 26/32 MP: 6/8
  2433 | D:2      | Found a shimmering blue altar of Sif Muna.
  2595 | D:2      | Noticed a sky beast
  3540 | D:2      | Found a hazy altar of Hepliaklqana.
  3917 | D:3      | Reached XP level 5. HP: 25/37 MP: 8/10
  4083 | D:3      | Learned a level 2 spell: Wereblood
  4166 | D:3      | Noticed Robin
  4190 | D:3      | Killed Robin
  4194 | D:3      | Slain by a hobgoblin

Illustrated notes

Levels and vault maps discovered:
D:1:      dpeg_arrival_simpleton_c, layout_basic, serial_bayou_pond_a
D:2:      layout_rooms, overflow_temple_1_default, evilmike_ruin_ashenzari,
          led_sif_pool
D:3:      layout_rooms, lemuel_doored_altar, nicolae_overflow_hidden_temple,
          uniq_robin

Skill      XL: |  1  2  3 |
---------------+----------+-----
Transmutations | 3 |  3.8
Spellcasting   | 3 |  3.6
Fighting       | |  1.0
Dodging        | |  2.0
Unarmed Combat | |  3.0

Action                   |  1- 3 |  4- 6 || total
-------------------------+-------+-------++-------
Melee: Unarmed           |    19 |       ||    19
       Kick              |    16 |    16 ||    32
       Headbutt          |    10 |    20 ||    30
       Club              |    67 |    17 ||    84
       Punch             |     1 |     1 ||     2
       Dagger            |       |   119 ||   119
 Cast: Beastly Appendage |    20 |    24 ||    44
       Wereblood         |       |     2 ||     2
  Use: Potion            |     1 |       ||     1
 Stab: Sleeping          |       |     1 ||     1
Armor: Robe              |    21 |    28 ||    49
Dodge: Dodged            |    66 |    99 ||   165

Table legend: (Time is in decaauts)
 A = Elapsed time spent in this place.
 B = Non-inter-level travel time spent in this place.
 C = Inter-level travel time spent in this place.
 D = Time resting spent in this place.
 E = Time spent auto-exploring this place.
 F = Levels seen in this place.
 G = Mean time per level.
                   A        B        C        D        E       F      G
               +--------+--------+--------+--------+--------+-----+--------+
         Total |   4223 |   4162 |     61 |   2049 |   1510 |   3 | 1407.7 |
       Dungeon |   4223 |   4162 |     61 |   2049 |   1510 |   3 | 1407.7 |
               +--------+--------+--------+--------+--------+-----+--------+

Top non-repeatable levels by time:
     D:2: 1946 daAuts
     D:1: 1833 daAuts
     D:3: 443 daAuts
